[Event "Titled Tuesday Blitz July 18 Early 2023"]
[White "Itgelt, Khuyagtsogt"]
[Black "Moskvin, Anatoly"]
[WhiteFideId "4902912"]
[BlackFideId "24199990"]
[WhiteElo "2682"]
[BlackElo "2569"]
[Result "0-1"]
[Round "8"]
[TimeControl "180+2"]
[Date "2023.07.18"]
[WhiteClock "0:00:02"]
[BlackClock "0:00:08"]
[Board "49"]

1. d4 Nf6 2. c4 c5 3. d5 b5 4. Nf3 g6 5. cxb5 a6 6. b6 Bg7 7. Nc3 d6 8. a4 a5 9. e4 O-O 10. Be2 Nbd7 11. Nd2 Nxb6 12. O-O e6 13. Nc4 exd5 14. exd5 Re8 15. Bg5 h6 16. Bh4 Nxc4 17. Bxc4 Qb6 18. Bb5 Re7 19. Qd2 g5 20. Bg3 Nh5 21. Rfe1 Raa7 22. Rxe7 Rxe7 23. Re1 Qd8 24. b3 Bf5 25. h3 Nxg3 26. fxg3 Bd4+ 27. Kh1 Be5 28. g4 Bg6 29. Ne2 f5 30. gxf5 Bxf5 31. Rf1 Qc8 32. Bd3 Bxh3 33. Ng1 Bg4 34. Qf2 Qe8 35. Be2 Bxe2 36. Qxe2 Bf4 37. Qg4 Kg7 38. Nh3 Be3 39. Qf3 Bd4 40. Qf5 Rf7 41. Qxf7+ Qxf7 42. Rxf7+ Kxf7 43. g4 Kf6 44. Kg2 Ke5 45. Kf3 Kxd5 46. Ke2 c4 47. bxc4+ Kxc4 48. Kf3 Kb4 49. Nf4 gxf4 0-1


[Site "https://www.chess.com"]

[Event "Titled Tuesday Blitz July 18 Early 2023"]
[White "Nouri, Alekhine"]
[Black "Garv Gaur"]
[WhiteFideId "5216184"]
[BlackFideId "45030839"]
[WhiteElo "2680"]
[BlackElo "2569"]
[Result "1-0"]
[Round "8"]
[TimeControl "180+2"]
[Date "2023.07.18"]
[WhiteClock "0:02:06"]
[BlackClock "0:00:23"]
[Board "50"]

1. e4 g6 2. d4 c6 3. Nc3 d5 4. e5 Bg7 5. Bg5 Qb6 6. Qd2 Bf5 7. O-O-O Nd7 8. f3 Be6 9. Nge2 h6 10. Bh4 g5 11. Bg3 f5 12. exf6 Ngxf6 13. Na4 Qd8 14. h4 b5 15. Nc5 Nxc5 16. dxc5 gxh4 17. Be5 Qd7 18. Nd4 Ne4 19. Qf4 Rf8 20. Qh2 Bxe5 21. Qxe5 Nf2 22. Nxe6 Nxh1 23. Nxf8 1-0


[Site "https://www.chess.com"]

[Event "Titled Tuesday Blitz July 18 Early 2023"]
[White "Aaditya Dhingra"]
[Black "Hajiyev, Kanan"]
[WhiteFideId "25678191"]
[BlackFideId "13404148"]
[WhiteElo "2677"]
[BlackElo "2558"]
[Result "0-1"]
[Round "8"]
[TimeControl "180+2"]
[Date "2023.07.18"]
[WhiteClock "0:00:16"]
[BlackClock "0:00:27"]
[Board "51"]

1. c4 Nf6 2. Nc3 e6 3. e4 d5 4. e5 d4 5. exf6 dxc3 6. bxc3 Qxf6 7. d4 c5 8. Nf3 h6 9. Bd3 cxd4 10. cxd4 Bb4+ 11. Bd2 Bxd2+ 12. Qxd2 O-O 13. O-O Nc6 14. Rab1 b6 15. Be4 Bd7 16. Qe3 Rac8 17. Rfd1 Rfd8 18. Rbc1 Na5 19. Ne5 Ba4 20. Rd3 Bc6 21. Qe2 Bxe4 22. Qxe4 Qf5 23. Qxf5 exf5 24. c5 f6 25. Nf3 bxc5 26. Ra3 cxd4 27. Rd1 Nc6 28. g3 g5 29. h4 Kf7 30. Ra6 Rd7 31. Kg2 g4 32. Ne1 Ne5 33. Nd3 Nxd3 34. Rxd3 Rc3 35. Rd2 d3 0-1


[Site "https://www.chess.com"]

[Event "Titled Tuesday Blitz July 18 Early 2023"]
[White "Aldokhin, Ivan"]
[Black "Jimenez Almeida, Luis David"]
[WhiteFideId "24115720"]
[BlackFideId "22242244"]
[WhiteElo "2671"]
[BlackElo "2546"]
[Result "1-0"]
[Round "8"]
[TimeControl "180+2"]
[Date "2023.07.18"]
[WhiteClock "0:00:15"]
[BlackClock "0:00:30"]
[Board "52"]

1. e4 c5 2. Nf3 e6 3. d4 cxd4 4. Nxd4 a6 5. Nc3 Qc7 6. Bd3 Nf6 7. Qe2 Nc6 8. Nxc6 bxc6 9. e5 Nd5 10. Bd2 Rb8 11. O-O Rxb2 12. Rab1 Rxb1 13. Rxb1 Nxc3 14. Bxc3 Bc5 15. Bxa6 O-O 16. a4 Bxa6 17. Qxa6 Rb8 18. Rb3 h5 19. a5 d6 20. Qc4 Qa7 21. exd6 Bxd6 22. Qxc6 Rxb3 23. cxb3 Bc5 24. Be1 Qe7 25. a6 Ba7 26. b4 Qf6 27. Qa8+ Kh7 28. Qxa7 Qa1 29. Qe3 1-0


[Site "https://www.chess.com"]

[Event "Titled Tuesday Blitz July 18 Early 2023"]
[White "Marosi, Levente"]
[Black "Sahib Singh"]
[WhiteFideId "747181"]
[BlackFideId "25618342"]
[WhiteElo "2536"]
[BlackElo "2659"]
[Result "0-1"]
[Round "8"]
[TimeControl "180+2"]
[Date "2023.07.18"]
[WhiteClock "0:00:10"]
[BlackClock "0:01:14"]
[Board "53"]

1. e4 e6 2. d4 d5 3. Nd2 c5 4. exd5 Qxd5 5. Ngf3 cxd4 6. Bc4 Qd6 7. O-O Nf6 8. Nb3 Nc6 9. Nbxd4 Nxd4 10. Nxd4 a6 11. Re1 Qc7 12. Bb3 Bd6 13. Nf5 Bxh2+ 14. Kh1 O-O 15. Nxg7 Rd8 16. Qf3 Kxg7 17. Bh6+ Kg6 18. c3 Nh5 19. Bc1 Bf4 20. g4 Ng3+ 21. fxg3 Bxc1 22. Raxc1 Bd7 23. Kh2 Bc6 24. Qe3 Qe7 25. Rf1 h6 26. Bc2+ Kg7 27. Rf2 Qg5 28. Re1 Qxe3 29. Rxe3 Rd6 30. Be4 Bxe4 31. Rxe4 Rad8 32. Ref4 R8d7 33. Kg2 e5 34. R4f3 f6 35. Re3 Rd2 36. Kf3 Rxf2+ 37. Kxf2 Rd2+ 38. Re2 Rxe2+ 39. Kxe2 Kg6 40. Kf3 Kg5 41. c4 a5 42. b3 e4+ 43. Kxe4 Kxg4 44. a3 Kxg3 45. b4 axb4 46. axb4 h5 47. c5 h4 48. b5 h3 49. c6 bxc6 50. bxc6 h2 51. c7 h1=Q+ 52. Kf5 Qc6 53. Kg6 0-1


[Site "https://www.chess.com"]

[Event "Titled Tuesday Blitz July 18 Early 2023"]
[White "Garsky, Vladyslav"]
[Black "Haug, Havard"]
[WhiteFideId "34100270"]
[BlackFideId "1547887"]
[WhiteElo "2441"]
[BlackElo "2657"]
[Result "0-1"]
[Round "8"]
[TimeControl "180+2"]
[Date "2023.07.18"]
[WhiteClock "0:00:47"]
[BlackClock "0:00:29"]
[Board "54"]

1. e4 c6 2. d4 d5 3. exd5 cxd5 4. Bd3 Nc6 5. c3 Qc7 6. Qc2 Nf6 7. Nf3 g6 8. h3 Bg7 9. O-O O-O 10. Re1 Bd7 11. Ne5 Rac8 12. Qe2 Bf5 13. Bf4 Qb6 14. Bxf5 gxf5 15. Nxc6 Rxc6 16. Qxe7 Re8 17. Qxe8+ Nxe8 18. Rxe8+ Bf8 19. Nd2 Re6 20. Ra8 Qxb2 21. Rb1 Qxc3 22. Rxb7 Qxd4 23. g3 Re2 24. Be3 Rxe3 25. fxe3 Qxe3+ 26. Kf1 Qxd2 27. Rbb8 Qd1+ 28. Kf2 Qd2+ 29. Kf3 Qd3+ 30. Kf4 Qe4+ 31. Kg5 h6+ 32. Kh5 Qe2+ 33. g4 Qe7 34. Rxf8+ Qxf8 35. Rxf8+ Kxf8 36. gxf5 d4 37. Kg4 Ke7 38. Kf3 Kf6 39. Ke4 d3 40. Kxd3 Kxf5 41. Ke3 Ke5 42. Kf3 f5 43. a3 f4 44. a4 Kf5 45. h4 h5 46. a5 a6 0-1


[Site "https://www.chess.com"]

[Event "Titled Tuesday Blitz July 18 Early 2023"]
[White "Postlmayer, Jakob"]
[Black "Vokhidov, Shamsiddin"]
[WhiteFideId "1643622"]
[BlackFideId "14204223"]
[WhiteElo "2529"]
[BlackElo "2902"]
[Result "0-1"]
[Round "8"]
[TimeControl "180+2"]
[Date "2023.07.18"]
[WhiteClock "0:00:12"]
[BlackClock "0:01:21"]
[Board "55"]

1. d4 Nf6 2. c4 e6 3. Nf3 d5 4. Nc3 Bb4 5. Qa4+ Nc6 6. e3 O-O 7. Bd2 dxc4 8. Bxc4 Bd6 9. Qc2 a6 10. a3 e5 11. dxe5 Nxe5 12. Nxe5 Bxe5 13. O-O-O Qe7 14. f3 Be6 15. Bxe6 Qxe6 16. e4 Rad8 17. Be3 Rxd1+ 18. Rxd1 Bxh2 19. f4 Ng4 20. Bd2 Rd8 21. Rf1 Qc4 22. Rf3 Qd4 23. Ne2 Qd7 24. Bc3 h5 25. Kb1 Qd1+ 26. Qxd1 Rxd1+ 27. Kc2 Rd8 28. Be1 f6 29. g3 Kf7 30. Bd2 c5 31. a4 Re8 32. Kd3 c4+ 33. Kd4 Rd8+ 34. Kc3 b5 35. axb5 axb5 36. Be1 Rd1 37. Bd2 Bg1 38. Kc2 Ra1 39. b3 Ra2+ 40. Kc1 Be3 41. Bxe3 Rxe2 42. Bd2 Rxe4 43. bxc4 Rxc4+ 44. Kb2 Nh6 45. Rd3 Nf5 46. Kb3 Rd4 47. Rxd4 Nxd4+ 48. Kb4 Ke6 49. Bc3 Ne2 50. Be1 Kf5 51. Kxb5 Kg4 52. Kc4 Nxg3 53. Kd5 h4 54. Bf2 h3 55. Bg1 Nf1 56. Ke6 h2 57. Bxh2 Nxh2 58. Kf7 Kxf4 0-1


[Site "https://www.chess.com"]

[Event "Titled Tuesday Blitz July 18 Early 2023"]
[White "Aggelis, Nikolaos"]
[Black "Baskakov, Egor"]
[WhiteFideId "4213220"]
[BlackFideId "24197866"]
[WhiteElo "2579"]
[BlackElo "2854"]
[Result "0-1"]
[Round "8"]
[TimeControl "180+2"]
[Date "2023.07.18"]
[WhiteClock "0:01:40"]
[BlackClock "0:02:12"]
[Board "56"]

1. c4 Nf6 2. g3 e6 3. Bg2 d5 4. Nf3 Be7 5. O-O O-O 6. d4 Ne4 7. b3 f5 8. Ba3 c6 9. Qc1 Bd7 10. Bxe7 Qxe7 11. Qa3 Qf6 12. Qb2 Be8 13. Nbd2 Nd7 14. e3 g5 15. Rac1 Bh5 16. Ne5 Rad8 17. Nxd7 Rxd7 18. Nxe4 fxe4 19. b4 Bf3 20. b5 h5 21. bxc6 bxc6 22. cxd5 cxd5 23. Qb5 Rh7 24. Bxf3 exf3 25. Rfd1 h4 26. Rd2 hxg3 27. fxg3 f2+ 28. Kf1 Rxh2 0-1


[Site "https://www.chess.com"]

[Event "Titled Tuesday Blitz July 18 Early 2023"]
[White "Gavrilov, Maxim"]
[Black "Wagh Suyog"]
[WhiteFideId "24271454"]
[BlackFideId "25071688"]
[WhiteElo "2556"]
[BlackElo "2805"]
[Result "1-0"]
[Round "8"]
[TimeControl "180+2"]
[Date "2023.07.18"]
[WhiteClock "0:00:16"]
[BlackClock "0:00:19"]
[Board "57"]

1. d4 Nf6 2. c4 g6 3. Nf3 Bg7 4. g3 O-O 5. Bg2 d6 6. O-O Nbd7 7. Nc3 e5 8. e4 exd4 9. Nxd4 Re8 10. Re1 Nc5 11. h3 a5 12. Qc2 Ne6 13. Be3 Ng4 14. Nxe6 Nxe3 15. Rxe3 fxe6 16. Rd1 Qe7 17. c5 dxc5 18. e5 Rb8 19. Qa4 b6 20. f4 Rd8 21. Red3 Ba6 22. Rd7 Qf8 23. Qc6 Re8 24. Rxc7 Re7 25. Rxe7 Qxe7 26. Rd7 Qe8 27. Qc7 Bh8 28. Ne4 Rc8 29. Qa7 Bb5 30. Re7 Qf8 31. Rxh7 Bc6 32. Ng5 Bxe5 33. Rh8+ 1-0


[Site "https://www.chess.com"]

[Event "Titled Tuesday Blitz July 18 Early 2023"]
[White "Portela Peleteiro, Alberto"]
[Black "Pakleza, Zbigniew"]
[WhiteFideId "22276106"]
[BlackFideId "1119290"]
[WhiteElo "2555"]
[BlackElo "2787"]
[Result "1-0"]
[Round "8"]
[TimeControl "180+2"]
[Date "2023.07.18"]
[WhiteClock "0:00:38"]
[BlackClock "0:00:00"]
[Board "58"]

1. e4 a6 2. c4 d6 3. d4 e6 4. Nc3 c6 5. Nf3 b6 6. Bd3 f6 7. O-O Ne7 8. Re1 g6 9. e5 dxe5 10. dxe5 f5 11. Bg5 Bg7 12. h4 h6 13. Bf4 O-O 14. Qd2 Kh7 15. Rad1 Qe8 16. Bc2 a5 17. Qd6 Na6 18. Nd4 Nc5 19. Nxc6 Nxc6 20. Nb5 Nb4 21. Nc7 Nxc2 22. Nxe8 Rxe8 23. Re2 Nb4 24. a3 Nba6 25. Qxb6 a4 26. Be3 Rb8 27. Qa5 Ne4 28. Qxa4 Re7 29. Bd4 Nac5 30. Qc2 Nb3 31. Bc3 Nxc3 32. Qxc3 Rc7 33. Rd8 1-0


[Site "https://www.chess.com"]

[Event "Titled Tuesday Blitz July 18 Early 2023"]
[White "Ezat, Mohamed"]
[Black "Oro, Faustino"]
[WhiteFideId "10600906"]
[BlackFideId "20000197"]
[WhiteElo "2551"]
[BlackElo "2774"]
[Result "0-1"]
[Round "8"]
[TimeControl "180+2"]
[Date "2023.07.18"]
[WhiteClock "0:00:07"]
[BlackClock "0:00:05"]
[Board "59"]

1. d4 Nf6 2. c4 e6 3. Nc3 Bb4 4. f3 c5 5. d5 b5 6. e4 bxc4 7. Bxc4 O-O 8. Ne2 exd5 9. Bxd5 Nxd5 10. Qxd5 Qb6 11. a3 Bb7 12. Qb3 Ba5 13. Qxb6 axb6 14. Bd2 Nc6 15. Nd5 Bxd2+ 16. Kxd2 Na5 17. Ne7+ Kh8 18. Kc3 Rfe8 19. Nf5 d5 20. Nd6 d4+ 21. Kc2 Re7 22. Nxb7 Nxb7 23. Nf4 Rd8 24. Nd5 Re6 25. Kd3 Kg8 26. b4 Kf8 27. bxc5 bxc5 28. Rab1 Nd6 29. Rhc1 Rc8 30. a4 f5 31. exf5 Nxf5 32. Rb5 Rec6 33. Nb6 R8c7 34. Nc4 Rc8 35. a5 Ne7 36. Ra1 Nd5 37. a6 Nb4+ 38. Rxb4 cxb4 39. a7 Ra8 40. Ra4 Rc7 41. Rxb4 Raxa7 42. Kxd4 Ra2 43. Ne3 Rd7+ 44. Ke4 Re2 45. Rb3 Re7+ 46. Kd4 Kf7 47. g4 Rf2 48. Nf5 Rd7+ 49. Ke5 Re2+ 50. Kf4 Rxh2 51. Ng3 Rhd2 52. Ne4 R2d5 53. Rb6 h6 54. g5 h5 55. g6+ Ke7 56. Ng3 Rd4+ 57. Kg5 R7d5+ 58. Nf5+ Kd7 59. Rb7+ Ke6 60. Rxg7 Rxf5+ 61. Kh6 h4 62. Rg8 h3 63. g7 Rh4+ 64. Kg6 Rf6+ 65. Kg5 h2 66. Re8+ Kd7 67. g8=Q h1=Q 68. Rd8+ Kc7 69. Qc4+ Kxd8 70. Qd5+ Ke7 71. Qb7+ Kd6 72. Qb6+ Kd5 73. Qb5+ Kd4 74. Qb4+ Ke3 75. Qc3+ Kf2 76. Qd2+ Kg3 77. Qd6+ Rxd6 78. f4 Qd5+ 79. f5 Rg4+ 80. Kh5 Qxf5# 0-1


[Site "https://www.chess.com"]

[Event "Titled Tuesday Blitz July 18 Early 2023"]
[White "djokovic74"]
[Black "robertoalejandro10"]
[WhiteElo "2742"]
[BlackElo "2551"]
[Result "0-1"]
[Round "8"]
[TimeControl "180+2"]
[Date "2023.07.18"]
[WhiteClock "0:00:01"]
[BlackClock "0:00:05"]
[Board "60"]

1. e4 c5 2. Nf3 g6 3. d4 cxd4 4. Nxd4 Bg7 5. c4 Nc6 6. Be3 Nf6 7. Nc3 Ng4 8. Qxg4 Nxd4 9. Qd1 Ne6 10. Rc1 b6 11. Be2 Bb7 12. f3 O-O 13. O-O Be5 14. Qd2 Qb8 15. h3 Nf4 16. Nd5 Bxd5 17. cxd5 Nxe2+ 18. Qxe2 Qb7 19. f4 Bg7 20. Rc2 Rac8 21. Rfc1 e6 22. Qd3 exd5 23. exd5 Rxc2 24. Rxc2 Rc8 25. Rxc8+ Qxc8 26. b3 h5 27. a4 Kh7 28. Kh2 Qe8 29. Bf2 Qe7 30. g4 hxg4 31. hxg4 Bh6 32. g5 Bg7 33. Kg2 Qb4 34. Be3 Qa3 35. Bf2 Qc1 36. Qh3+ Kg8 37. Qf3 Qc2 38. Kg3 Qd2 39. Qe4 Qc3+ 40. Kg2 Qxb3 41. Qe8+ Kh7 42. Qxd7 Kg8 43. Qc6 Bf8 44. d6 Qd3 45. d7 Kh7 46. f5 Be7 47. fxg6+ fxg6 48. Qe6 Bxg5 49. Qf7+ Kh6 50. Qf8+ Kh5 51. Qh8+ Kg4 52. Qc8 Qf3+ 53. Kg1 Qd1+ 54. Kg2 Qd5+ 55. Kf1 Qd1+ 56. Be1 Qd3+ 57. Kg2 Qf3+ 58. Kh2 Bf4+ 59. Kg1 Be3+ 60. Kh2 Qe2+ 61. Kh1 Qf1+ 62. Kh2 Bf4+ 63. Bg3 Bxg3# 0-1


[Site "https://www.chess.com"]

[Event "Titled Tuesday Blitz July 18 Early 2023"]
[White "Tikhonov, Viacheslav"]
[Black "Goltsev, Dmitry"]
[WhiteFideId "44196407"]
[BlackFideId "24176710"]
[WhiteElo "2536"]
[BlackElo "2728"]
[Result "1-0"]
[Round "8"]
[TimeControl "180+2"]
[Date "2023.07.18"]
[WhiteClock "0:00:24"]
[BlackClock "0:00:04"]
[Board "61"]

1. d4 Nf6 2. c4 e6 3. Nf3 b6 4. g3 Ba6 5. Qc2 Bb4+ 6. Bd2 Be7 7. Bg2 d5 8. cxd5 exd5 9. Bf4 c5 10. Bxb8 O-O 11. Be5 Ne4 12. Nc3 f6 13. Bf4 Rc8 14. O-O Bb7 15. Rad1 Qd7 16. dxc5 Nxc5 17. Nd4 g6 18. Qb1 f5 19. b4 Na6 20. Qb3 Rc4 21. Ndb5 Rxb4 22. Bxd5+ Kg7 23. Be5+ Kh6 24. Bxb7 Qxb7 25. Qe6 Nc5 26. Bf4+ Rxf4 27. Qe3 g5 28. gxf4 gxf4 29. Qxf4+ Bg5 30. Rd6+ Kh5 31. Qf3+ Qxf3 32. exf3 Bf4 33. Rd5 Rg8+ 34. Kh1 Bg5 35. Rxf5 Kg6 36. Nd4 Rf8 37. Rxf8 Nd3 38. Rg8+ Kh6 39. Rxg5 Kxg5 40. Ne4+ Kf4 41. Kg2 h5 42. Rd1 Ne5 43. Ne6+ Kf5 44. Nd4+ Kf4 45. Nd6 h4 46. Ne6# 1-0


[Site "https://www.chess.com"]

[Event "Titled Tuesday Blitz July 18 Early 2023"]
[White "AyMitecK"]
[Black "Mikhailovsky, Vladimir"]
[BlackFideId "34105414"]
[WhiteElo "2535"]
[BlackElo "2728"]
[Result "0-1"]
[Round "8"]
[TimeControl "180+2"]
[Date "2023.07.18"]
[WhiteClock "0:00:45"]
[BlackClock "0:00:09"]
[Board "62"]

1. e4 e5 2. Nf3 d5 3. Nxe5 Bd6 4. d4 dxe4 5. Nc4 Nf6 6. Nc3 O-O 7. Be2 Nc6 8. O-O Nxd4 9. Bg5 Re8 10. h3 h6 11. Bh4 Nf5 12. Bxf6 Qxf6 13. Bg4 Bf8 14. Re1 Nd6 15. Nxd6 Bxd6 16. Nxe4 Qxb2 17. Nxd6 Bxg4 18. Rxe8+ Rxe8 19. Nc4 Bxd1 20. Nxb2 Bxc2 21. Rc1 Be4 22. Rxc7 Bc6 23. Nd3 a5 24. Nc5 Re1+ 25. Kh2 Rb1 26. Nb3 a4 27. Nd4 Bd5 28. Rd7 Bxa2 29. Rd8+ Kh7 30. Ra8 Rb4 31. Nc2 Rb2 32. Nd4 b5 33. Ra5 Bc4 34. f3 Kg6 35. Kg3 Kf6 36. Kf4 Ke7 37. g4 Kd6 38. Nf5+ Kc5 39. Nxg7 Kb4 40. Ra8 a3 41. Nf5 a2 42. Nd4 Rd2 43. Ke3 Rd3+ 44. Ke4 Kc3 45. Ne2+ Kb2 46. Rxa2+ Kxa2 47. Nc1+ Ka3 48. Nxd3 Bxd3+ 49. Kxd3 b4 50. Kc2 Ka2 51. g5 b3+ 52. Kc3 hxg5 53. f4 gxf4 54. h4 b2 55. h5 b1=Q 56. h6 Qg6 57. h7 Qxh7 58. Kd4 Qf5 59. Kc3 Qe4 60. Kd2 Qe3+ 61. Kc2 Ka3 62. Kb1 Qd2 63. Ka1 Qb2# 0-1


[Site "https://www.chess.com"]

[Event "Titled Tuesday Blitz July 18 Early 2023"]
[White "Dehtiarov, Roman"]
[Black "Garakov, Mikhael"]
[WhiteFideId "14186640"]
[BlackFideId "4169034"]
[WhiteElo "2726"]
[BlackElo "2528"]
[Result "1-0"]
[Round "8"]
[TimeControl "180+2"]
[Date "2023.07.18"]
[WhiteClock "0:00:04"]
[BlackClock "0:00:00"]
[Board "63"]

1. c4 c5 2. g3 Nf6 3. Bg2 g6 4. Nc3 Bg7 5. Nf3 O-O 6. d4 cxd4 7. Nxd4 Nc6 8. O-O a6 9. Nb3 d6 10. h3 Bd7 11. Kh2 Ne5 12. c5 Bc6 13. cxd6 exd6 14. e4 b5 15. Nd4 Bb7 16. a3 Qb6 17. Nde2 Rac8 18. Be3 Qd8 19. Bd4 Nc4 20. b3 Ne5 21. f4 Nc6 22. Bxf6 Bxf6 23. Rc1 Ne7 24. e5 Bxg2 25. exf6 Bxf1 26. fxe7 Qxe7 27. Qxf1 Rfe8 28. Rd1 Qe3 29. Rc1 Qd2 30. Qd1 Qxd1 31. Rxd1 Re3 32. Rc1 d5 33. b4 d4 34. Nxd4 Rexc3 35. Rd1 R3c4 36. Nf3 Kg7 37. h4 Rc2+ 38. Kh3 R8c7 39. Ng5 h6 40. Ne4 Ra2 41. Nd6 Re2 42. Rd3 h5 43. g4 hxg4+ 44. Kxg4 Rce7 45. h5 R2e3 46. Rd1 f5+ 47. Kh4 gxh5 48. Nxf5+ Kf6 49. Nxe3 Rxe3 50. Rd6+ Kf5 51. Rxa6 Kxf4 52. Ra5 Re1 53. Kxh5 Ke4 54. Rxb5 Kd4 55. Ra5 Kc4 56. Kg4 Re8 57. Kf3 Re7 58. Kf4 Kb3 59. Kf5 Re8 60. Ra6 Re1 61. b5 Kc4 62. a4 Kc5 63. Kf4 Kd5 64. b6 Re8 65. a5 Kc6 66. Ra7 Re1 67. Kf3 Re5 68. Rc7+ Kd6 69. Ra7 Kc6 70. Kf4 Re1 71. Rc7+ Kd6 72. Rc2 Ra1 73. b7 Rb1 74. a6 Rb4+ 75. Kf3 1-0


[Site "https://www.chess.com"]

[Event "Titled Tuesday Blitz July 18 Early 2023"]
[White "Nagare Kaivalya Sandip"]
[Black "Sreyas Payyappat"]
[WhiteFideId "25957929"]
[BlackFideId "46674969"]
[WhiteElo "2662"]
[BlackElo "2526"]
[Result "1-0"]
[Round "8"]
[TimeControl "180+2"]
[Date "2023.07.18"]
[WhiteClock "0:00:21"]
[BlackClock "0:00:05"]
[Board "64"]

1. e4 c6 2. d4 d5 3. e5 Bf5 4. Nd2 e6 5. Ngf3 c5 6. dxc5 Bxc5 7. Nb3 Bb6 8. Nfd4 Ne7 9. Nxf5 Nxf5 10. Bd3 Nh4 11. O-O Nd7 12. Qg4 Ng6 13. Kh1 Ndxe5 14. Bb5+ Nd7 15. Bg5 Qc7 16. c4 dxc4 17. Rfd1 Ne5 18. Qg3 cxb3 19. Rac1 Qxc1 20. Bxc1 O-O 21. axb3 Rad8 22. Bh6 Ng6 23. Rxd7 Rxd7 24. Bxd7 gxh6 25. h4 Rd8 26. Bxe6 fxe6 27. h5 Bc5 28. hxg6 Rd1+ 29. Kh2 Bd6 30. f4 Rd4 31. Qg4 Bxf4+ 32. g3 Bg5 33. Qxe6+ Kg7 34. Qf7+ 1-0


[Site "https://www.chess.com"]

[Event "Titled Tuesday Blitz July 18 Early 2023"]
[White "benny_aizenberg"]
[Black "Philippe, Guillaume"]
[BlackFideId "36048763"]
[WhiteElo "2646"]
[BlackElo "2523"]
[Result "1-0"]
[Round "8"]
[TimeControl "180+2"]
[Date "2023.07.18"]
[WhiteClock "0:00:52"]
[BlackClock "0:00:42"]
[Board "65"]

1. g4 e5 2. g5 Qxg5 3. d4 Qd8 4. dxe5 Nc6 5. Nf3 d6 6. Bf4 Bg4 7. exd6 Bxf3 8. d7+ Qxd7 9. Qxd7+ Kxd7 10. Bh3+ Kd8 11. exf3 Bd6 12. Bxd6 cxd6 13. Nc3 Nge7 14. O-O-O Kc7 15. Nb5+ Kb6 16. Nxd6 f6 17. Nc4+ Kc5 18. b3 Rhd8 19. a4 Nd5 20. Kb2 Nf4 21. Bd7 Nd4 22. Rxd4 Kxd4 23. Rd1+ Kc5 24. c3 Ng6 25. b4+ Kxc4 26. Bb5# 1-0


[Site "https://www.chess.com"]

[Event "Titled Tuesday Blitz July 18 Early 2023"]
[White "Santos Flores, Alberto"]
[Black "Schwabeneder, Florian"]
[WhiteFideId "3601234"]
[BlackFideId "1626191"]
[WhiteElo "2522"]
[BlackElo "2635"]
[Result "1/2-1/2"]
[Round "8"]
[TimeControl "180+2"]
[Date "2023.07.18"]
[WhiteClock "0:00:36"]
[BlackClock "0:00:37"]
[Board "66"]

1. e4 e6 2. d4 d5 3. Nc3 h6 4. Nf3 Nf6 5. e5 Ne4 6. Bd3 Bb4 7. Bd2 Nxd2 8. Qxd2 c5 9. a3 Bxc3 10. bxc3 c4 11. Be2 Bd7 12. Qf4 Ba4 13. Kd2 Nc6 14. h4 Qe7 15. h5 Rf8 16. Qh4 f6 17. exf6 Rxf6 18. Rh3 O-O-O 19. Ne5 Nxe5 20. dxe5 Rf7 21. Qxe7 Rxe7 22. f4 Rf7 23. g3 b5 24. Rhh1 d4 25. cxd4 Rxd4+ 26. Kc3 Rd8 27. Rad1 Rfd7 28. Rxd7 Rxd7 29. Rd1 Rxd1 30. Bxd1 a5 31. Bg4 Kd7 32. Kd2 b4 33. axb4 axb4 34. c3 b3 35. Kc1 Bc6 36. Kb2 Bd5 37. Bh3 Kc6 38. Bg4 Kd7 39. Be2 Ke7 40. Bg4 Kf7 41. Kc1 Ke7 42. Kb2 Kd7 1/2-1/2


[Site "https://www.chess.com"]

[Event "Titled Tuesday Blitz July 18 Early 2023"]
[White "Vyatkin, Dmitry"]
[Black "Borgaonkar Akshay"]
[WhiteFideId "4171900"]
[BlackFideId "25639110"]
[WhiteElo "2519"]
[BlackElo "2626"]
[Result "1-0"]
[Round "8"]
[TimeControl "180+2"]
[Date "2023.07.18"]
[WhiteClock "0:00:22"]
[BlackClock "0:00:13"]
[Board "67"]

1. d4 g6 2. c4 Bg7 3. g3 d6 4. Bg2 Nf6 5. Nc3 O-O 6. Nf3 c6 7. O-O Bf5 8. Ne1 e5 9. d5 Qd7 10. e4 Bh3 11. Nd3 Bxg2 12. Kxg2 cxd5 13. cxd5 b5 14. f3 a5 15. a3 Na6 16. Be3 Rfc8 17. Rf2 Nc7 18. Rc2 Nh5 19. g4 Nf4+ 20. Nxf4 exf4 21. Bd4 Bxd4 22. Qxd4 Na6 23. Rac1 Nc5 24. Ne2 Re8 25. Rc3 a4 26. Rxc5 dxc5 27. Rxc5 Rac8 28. Nxf4 Rxc5 29. Qxc5 Rc8 30. Qd4 Rc2+ 31. Kg3 Rc4 32. Qe5 Rc8 33. h4 Qa7 34. h5 Qg1+ 35. Ng2 Qc1 36. d6 Qc6 37. h6 f6 38. Qe6+ 1-0


[Site "https://www.chess.com"]

[Event "Titled Tuesday Blitz July 18 Early 2023"]
[White "MFatigue"]
[Black "Florescu, Codrut-Constantin"]
[BlackFideId "1202200"]
[WhiteElo "2518"]
[BlackElo "2625"]
[Result "0-1"]
[Round "8"]
[TimeControl "180+2"]
[Date "2023.07.18"]
[WhiteClock "0:00:02"]
[BlackClock "0:00:24"]
[Board "68"]

1. e4 c5 2. a3 e6 3. b4 cxb4 4. axb4 Bxb4 5. Bb2 Nf6 6. e5 Nd5 7. c4 Nc7 8. Ra3 d6 9. Rg3 d5 10. Rxg7 Nc6 11. Qh5 Rf8 12. Nf3 Be7 13. Bd3 dxc4 14. Bxh7 Nd5 15. Rxf7 Rxf7 16. Bg8 Qb6 17. Qxf7+ Kd8 18. O-O Qxb2 19. Nc3 Nxc3 20. dxc3 Qe2 21. Re1 Qd3 22. Bh7 Qd7 23. Bc2 Qe8 24. Qf4 Kc7 25. Qxc4 Bd7 26. Ra1 Qh5 27. h3 a6 28. Be4 Rg8 29. Kf1 Rc8 30. Bxc6 Bxc6 31. Qxe6 Bc5 32. Nd4 Bxd4 33. cxd4 Kb8 34. Qd6+ Ka7 35. d5 Bb5+ 36. Kg1 Qe2 37. Qf6 Qe4 38. d6 Bc6 39. f3 Qd4+ 40. Kh2 Qxa1 41. Qf4 Qa2 42. Qe3+ Ka8 43. e6 Qd5 44. d7 Bxd7 45. exd7 Qxd7 46. h4 Qd5 47. Qf4 Qc5 48. Qf7 Qc7+ 49. Qxc7 Rxc7 50. h5 a5 51. g4 a4 52. h6 a3 53. g5 a2 0-1


[Site "https://www.chess.com"]

[Event "Titled Tuesday Blitz July 18 Early 2023"]
[White "Onufrienko, Vladislav"]
[Black "ArtemDyachuk"]
[WhiteFideId "13804332"]
[WhiteElo "2620"]
[BlackElo "2517"]
[Result "0-1"]
[Round "8"]
[TimeControl "180+2"]
[Date "2023.07.18"]
[WhiteClock "0:00:12"]
[BlackClock "0:00:04"]
[Board "69"]

1. e4 c6 2. d4 d5 3. e5 Bf5 4. Nf3 e6 5. Be2 Nd7 6. O-O h6 7. Be3 Ne7 8. Nbd2 g5 9. c4 Bg6 10. c5 Nf5 11. b4 Bg7 12. b5 O-O 13. bxc6 bxc6 14. Qa4 Qc7 15. Nb3 f6 16. exf6 Nxf6 17. Ne5 Be8 18. Bd3 Rc8 19. Na5 Nd7 20. Nxd7 Bxd7 21. Rab1 Rb8 22. Rxb8 Rxb8 23. Rb1 Rxb1+ 24. Bxb1 e5 25. dxe5 Qxe5 26. Qb3 Nxe3 27. Qxe3 Qa1 28. Qd3 Qd4 29. Nb3 Qxd3 30. Bxd3 Kf7 31. Kf1 Ke6 32. Ke2 Ke5 33. Ba6 Bf8 34. Bb7 d4 35. Kd3 Kd5 36. Nxd4 Bxc5 37. Nb3 Bxf2 38. Ke2 Bb6 39. Ba6 c5 40. Nd2 Bc6 41. Bc4+ Kd4 42. Bd3 Bxg2 43. Nb3+ Kc3 44. Ba6 Bd5 45. Nd2 Bxa2 46. Ne4+ Kb4 47. Nd6 c4 48. Kd2 c3+ 49. Kc2 Bb3+ 50. Kd3 c2 51. Kd2 Be3+ 52. Kxe3 c1=Q+ 53. Kd4 Qf4+ 54. Ne4 Bc2 55. Bb7 Bxe4 56. Bxe4 a5 57. Kd5 a4 58. Kd4 a3 59. Kd5 a2 60. Kd4 a1=Q+ 61. Kd5 Qae5+ 62. Kc6 Qd6+ 63. Kb7 Qc7+ 64. Ka8 Qb8# 0-1


[Site "https://www.chess.com"]

[Event "Titled Tuesday Blitz July 18 Early 2023"]
[White "Mohamed Anees M"]
[Black "Taboas Rodriguez, Daniel"]
[WhiteFideId "35065815"]
[BlackFideId "2208466"]
[WhiteElo "2616"]
[BlackElo "2495"]
[Result "1-0"]
[Round "8"]
[TimeControl "180+2"]
[Date "2023.07.18"]
[WhiteClock "0:01:25"]
[BlackClock "0:00:14"]
[Board "70"]

1. d4 Nf6 2. c4 g6 3. Nc3 Bg7 4. e4 d6 5. Be2 O-O 6. Nf3 e5 7. O-O Nc6 8. d5 Ne7 9. Ne1 Ne8 10. Be3 f5 11. f3 f4 12. Bf2 g5 13. Nd3 Ng6 14. c5 Rf7 15. Rc1 Bf8 16. a4 h5 17. b4 Rg7 18. b5 Nf6 19. a5 g4 20. Kh1 g3 21. Bg1 h4 22. h3 Ne7 23. Re1 Nh5 24. Bf1 Ng6 25. cxd6 Bxd6 26. Nc5 Qe7 27. Ne6 Bxe6 28. dxe6 Qxe6 29. Nd5 Kh7 30. a6 bxa6 31. bxa6 Qd7 32. Qb3 Rgg8 33. Bb5 Qf7 34. Bc6 Rab8 35. Bb7 Nf6 36. Bxa7 Nxd5 37. Qxd5 Qxd5 38. exd5 Rbe8 39. Bc5 Rb8 40. Bxd6 cxd6 41. Rc7+ Rg7 42. Rxg7+ Kxg7 43. a7 Rxb7 44. a8=Q Rd7 45. Qc6 Nf8 46. Rb1 Kf7 47. Rb8 Ra7 48. Qe8+ Kf6 49. Qxf8+ Kg5 50. Rb1 1-0


[Site "https://www.chess.com"]